[Event "*** Titled Tuesday Blitz"]
[Site "Chess.com"]
[Date "2021.02.09"]
[Round "2"]
[White "ecwinslow"]
[Black "m_ezat"]
[Result "0-1"]
[WhiteElo "2253"]
[BlackElo "2546"]
[TimeControl "180+1"]
[EndTime "10:17:58 PST"]
[Termination "m_ezat won by resignation"]

1. e4 c6 2. d4 d5 3. exd5 cxd5 4.
c4 Nf6 5. Nc3 g6 6. Qb3 Bg7 7.
cxd5 O-O 8. Be2 Na6 9. Bf3 Qb6 10. Qxb6 axb6 11. Nge2 Nb4 12. O-O Rd8 13. Bg5 Nbxd5 14. Nxd5 Nxd5 15. Bxd5 Rxd5 16. Bxe7 Bg4 17. f3 Re8 18. Nf4 Rxd4 19. Ba3 Rxf4 20. fxg4 Rxg4 21. Rad1 Rd4 22. Kf2 h5 23. Rfe1 Rxe1 24. Kxe1 Rxd1+ 25. Kxd1 Bf8 26. b4 b5 27. Kc2 Bd6 28. h3 f5 29.
Kd3 Kf7 30. Kc3 Ke6 31. Bc1 Kd5 32. a3 Ke4 33. Bg5 Be5+ 34. Kc2 Bf4 35. Be7 g5 36.
Kc3 g4 37. hxg4 hxg4 38. Bd8 Bc1 39. Kb3 f4 40. Bc7 f3 41. gxf3+ gxf3 42. Bg3 Be3 43. a4 bxa4+ 44. Kxa4 f2 45. Bxf2 Bxf2 46. b5 Kd5 47. Kb4 Bb6 48. Kb3 Kc5 49. Ka2 Kxb5 50.
Kb3 Kc5 0-1

[Event "*** Titled Tuesday Blitz"]
[Site "Chess.com"]
[Date "2021.02.09"]
[Round "2"]
[White "Skat2704"]
[Black "rpragchess"]
[Result "0-1"]
[WhiteElo "2523"]
[BlackElo "2858"]
[TimeControl "180+1"]
[EndTime "10:17:59 PST"]
[Termination "rpragchess won by resignation"]

1. d4 d6 2. c4 e5 3. d5 g6 4. Nc3 f5 5. g3 Bh6 6. Bg2 Bxc1 7.
Rxc1 Nf6 8. e4 O-O 9. Nge2 Na6 10.
O-O Nc5 11. f3 a5 12. b3 c6 13. Qc2 Qb6 14. Kh1 Bd7 15. Rce1 fxe4 16. fxe4 Ng4 17.
Nc1 Rxf1+ 18. Bxf1 Rf8 19. Nd1 cxd5 20. cxd5 Qb4 21. Qe2 Bb5 22. a3 Qxa3 23. Qxb5 Qxc1 24. Qe2 Qg5 25. Bg2 h5 26. Rf1 Rxf1+ 27. Qxf1 Qd2 28. h3 Qxd1 29. hxg4 Qxf1+ 30. Bxf1 hxg4 31. Bc4 Nxe4 32. Kg2 Nc5 33. Kf2 Kg7 34. Ke3 Kf6 35. Kd2 e4 36. Ke3 Ke5 37. Be2 Nxb3 38. Bxg4 Nc5 39. Be2 g5 40.
Bc4 a4 41. Ba2 a3 42. Bc4 b5 43. Ba2 b4 44. Bc4 b3 0-1

[Event "*** Titled Tuesday Blitz"]
[Site "Chess.com"]
[Date "2021.02.09"]
[Round "2"]
[White "Enriquack"]
[Black "vovachesss"]
[Result "0-1"]
[WhiteElo "2493"]
[BlackElo "2760"]
[TimeControl "180+1"]
[EndTime "10:17:59 PST"]
[Termination "vovachesss won by checkmate"]

1. e4 e5 2. f4 d5 3. exd5 exf4 4. Nf3 Nf6 5. Bb5+ Bd7 6. Bc4 Bd6 7. Qe2+ Kf8 8. O-O h6 9. d4 Bg4 10. Bb3 c6 11. dxc6 Nxc6 12. c3 g5 13. Nbd2 Kg7 14.
Nc4 Re8 15. Qd3 Bc7 16. Bc2 Bh5 17. Re1 Rxe1+ 18. Nxe1 Qd5 19. Bb3 Qd7 20. Bd2 Re8 21. Nf3 Bg6 22. Qf1 Ne4 23. Re1 b5 24. Na3 g4 25. Rxe4 Rxe4 26. Nh4 a6 27. Nxg6 fxg6 28. Bc2 Re7 29. Bxf4 Rf7 30. g3 Bxf4 31. gxf4 Qd6 32.
Bb3 Rxf4 33. Qg2 Ne7 34. Nc2 Nf5 35. Qb7+ Qe7 36. Qd5 h5 37. Qg8+ Kh6 38. Qh8+ Kg5 39. Qb8 Qe2 40. Qa8 Qf1# 0-1

[Event "*** Titled Tuesday Blitz"]
[Site "Chess.com"]
[Date "2021.02.09"]
[Round "2"]
[White "theultimatehunter"]
[Black "bugsbunny444"]
[Result "1-0"]
[WhiteElo "2240"]
[BlackElo "2589"]
[TimeControl "180+1"]
[EndTime "10:17:59 PST"]
[Termination "theultimatehunter won on time"]

1. d4 e6 2. c4 b6 3. e4 Bb7 4. Bd3 Bb4+ 5. Bd2 Bxd2+ 6. Qxd2 f5 7. Nc3 Nf6 8. Qe2 O-O 9. Nf3 fxe4 10. Nxe4 Nc6 11. O-O-O Nb4 12. Bb1 Nxa2+ 13. Bxa2 Bxe4 14. Bb1 Bxb1 15. Kxb1 Qe8 16. Qd3 Qh5 17. Rhe1 Qf5 18.
Qxf5 exf5 19. Re7 Rae8 20. Rde1 Rxe7 21. Rxe7 Re8 22. Rxe8+ Nxe8 23. Ne5 Nf6 24. Kc2 a5 25.
f3 d6 26. Nc6 Kf7 27. Kb3 Ke6 28.
d5+ Kf7 29. Ka4 Ke8 30. Kb5 Kd7 31. Nd4 g6 32. Ne6 Ng8 33. Nf8+ Ke7 34. Nxh7 Kd7 35.
Nf8+ 1-0

[Event "*** Titled Tuesday Blitz"]
[Site "Chess.com"]
[Date "2021.02.09"]
[Round "2"]
[White "esrosenberg"]
[Black "FrenchMonster2002"]
[Result "0-1"]
[WhiteElo "2034"]
[BlackElo "2374"]
[TimeControl "180+1"]
[EndTime "10:17:59 PST"]
[Termination "FrenchMonster2002 won by checkmate"]

1. Nf3 Nf6 2. c4 g6 3. Nc3 Bg7 4.
e4 d6 5. d4 O-O 6. h3 Nc6 7.
d5 Nb4 8. Be3 e6 9. Be2 Re8 10.
O-O exd5 11. exd5 Bf5 12. Rc1 Ne4 13. Nxe4 Bxe4 14. a3 Na6 15. b4 Bb2 16. Bd4 Bxc1 17. Qxc1 Bxd5 18. Qh6 f6 19. Ng5 Qe7 20. cxd5 fxg5 21.
Bg4 Qf8 22. Qxg5 Re7 23. Be6+ Rxe6 24. dxe6 Re8 25. Re1 Nb8 26. f4 Nc6 27. Bc3 Qf5 28. Qh6 Qf8 29. Qg5 a6 30. g4 d5 31. Qxd5 Qxf4 32. e7+ Qf7 33. Qxf7+ Kxf7 34. Rf1+ Kxe7 35. Re1+ Kd7 36. Rxe8 Kxe8 37. Kg2 Kf7 38. Kg3 h5 39. gxh5 gxh5 40. Kh4 Kg6 41. a4 Ne7 42. Be5 Nf5# 0-1

[Event "*** Titled Tuesday Blitz"]
[Site "Chess.com"]
[Date "2021.02.09"]
[Round "2"]
[White "Agibileg"]
[Black "Gabrielian_Artur"]
[Result "0-1"]
[WhiteElo "2501"]
[BlackElo "2793"]
[TimeControl "180+1"]
[EndTime "10:18:00 PST"]
[Termination "Gabrielian_Artur won by resignation"]

1. d4 Nf6 2. c4 e6 3. Nc3 Bb4 4. Qc2 c5 5. dxc5 O-O 6. a3 Bxc5 7. Nf3 d5 8. cxd5 exd5 9. Bg5 d4 10. Rd1 Nc6 11.
e3 Re8 12. Be2 h6 13. Bh4 g5 14. Bg3 g4 15. Nxd4 Bxd4 16. O-O Qb6 17. Na4 Qa5 18. exd4 Bf5 19. Bd3 Nxd4 20. Qc5 Qxc5 21. Nxc5 Bxd3 22. Rxd3 Ne2+ 23. Kh1 b6 24. Na6 Ne4 25. Nc7 Rad8 26.
Rfd1 N2xg3+ 27. fxg3 Rxd3 28. Rxd3 Rc8 29. Rd7 Nf6 30.
Re7 Kf8 0-1

[Event "*** Titled Tuesday Blitz"]
[Site "Chess.com"]
[Date "2021.02.09"]
[Round "2"]
[White "BahadirOzen"]
[Black "MattyDPerrine"]
[Result "1-0"]
[WhiteElo "2729"]
[BlackElo "2480"]
[TimeControl "180+1"]
[EndTime "10:18:00 PST"]
[Termination "BahadirOzen won on time"]

1. g3 d5 2. Bg2 Nf6 3. d3 Nbd7 4.
Nf3 e5 5. O-O Bd6 6. Nc3 c6 7.
e4 O-O 8. h3 Re8 9. Re1 d4 10.
Ne2 c5 11. Nd2 b5 12. a4 bxa4 13. Rxa4 Nb6 14. Ra1 a5 15. f4 Qc7 16. Nf3 Nfd7 17. f5 c4 18. Bd2 a4 19. g4 Nc5 20. Nc1 a3 21. bxa3 f6 22. h4 c3 23. g5 cxd2 24. Nxd2 Nca4 25. Ncb3 Bd7 26. Qh5 Re7 27. Nf3 Qxc2 28. Nbd2 Nc3 29. Qg4 Kh8 30. Rac1 Qa4 31. Bf1 Qc6 32. h5 h6 33. gxh6 gxh6 34. Nh4 Be8 35.
Ng6+ Bxg6 36. fxg6 Qd7 37. Qf3 Kg7 38. Bh3 Qb7 39. Nf1 f5 40. Ng3 f4 41. Nf5+ Kh8 42. Nxh6 Kg7 43. Nf5+ Kh8 44. h6 Re6 45. g7+ Kh7 46.
Qh5 Rf6 47. Rc2 Qf7 48. Qh4 Rg6+ 49. Kh1 Nd7 50. Rg2 Rxg2 51. Nxd6 Qf6 52. Bf5+ 1-0

[Event "*** Titled Tuesday Blitz"]
[Site "Chess.com"]
[Date "2021.02.09"]
[Round "2"]
[White "fabianvivasz"]
[Black "Fusikk"]
[Result "0-1"]
[WhiteElo "2337"]
[BlackElo "2637"]
[TimeControl "180+1"]
[EndTime "10:18:02 PST"]
[Termination "Fusikk won by checkmate"]

1. e4 c6 2. Nc3 d5 3. Nf3 Bg4 4. h3 Bxf3 5. Qxf3 e6 6. Be2 g6 7. d3 Bg7 8. O-O Ne7 9. Qg3 O-O 10. Qh4 d4 11. Nd1 e5 12. f4 exf4 13. Bxf4 Nd7 14.
Nf2 c5 15. Ng4 h5 16. Nh6+ Bxh6 17. Bxh6 Nc6 18. Qg3 h4 19. Qf4 Nde5 20. Bxf8 Kxf8 21. Qh6+ Kg8 22. Rf4 Qf8 23. Qxh4 Qg7 24. Qg5 Rf8 25. Raf1 Nd7 26. Bg4 Nde5 27. h4 f6 28. Be6+ Kh7 29.
Rxf6 Rxf6 30. Rxf6 Qh6 31. Qg3 Qe3+ 32. Qxe3 dxe3 33. Kf1 Nd4 34. c3 e2+ 35. Ke1 Nxd3+ 36.
Kd2 e1=Q+ 37. Kxd3 Qe2# 0-1

[Event "*** Titled Tuesday Blitz"]
[Site "Chess.com"]
[Date "2021.02.09"]
[Round "2"]
[White "yuki_chess123"]
[Black "NicoChasin"]
[Result "1-0"]
[WhiteElo "2303"]
[BlackElo "2600"]
[TimeControl "180+1"]
[EndTime "10:18:02 PST"]
[Termination "yuki_chess123 won by checkmate"]

1. d4 Nf6 2. Nf3 c5 3. e3 d6 4. c4 g6 5. Nc3 Nbd7 6. d5 Bg7 7. Be2 O-O 8. O-O a6 9. a4 Qc7 10. Ra2 Rb8 11. b3 e6 12. dxe6 fxe6 13. Ng5 Ne5 14. f4 Nc6 15. Rd2 Rd8 16. Nce4 h6 17. Nxf6+ Bxf6 18. Ne4 Be7 19. Bb2 Nb4 20. Qb1 d5 21. Nf6+ Kf7 22. cxd5 exd5 23. f5 gxf5 24. Bh5+ Kf8 25. Rxf5 Bd6 26. Nxd5+ Kg8 27. Nxc7 Bxc7 28. Rg5+ Kf8 29. Bg7+ Ke7 30. Qe4+ Be6 31. Rg6 Be5 32. Qxe5 Rxd2 33. Rxe6+ Kd7 34. Re7+ Kc6 35. Qc7+ Kd5 36.
Re5# 1-0

[Event "*** Titled Tuesday Blitz"]
[Site "Chess.com"]
[Date "2021.02.09"]
[Round "2"]
[White "rugbyclub"]
[Black "elextranjero00"]
[Result "1-0"]
[WhiteElo "2289"]
[BlackElo "2597"]
[TimeControl "180+1"]
[EndTime "10:18:02 PST"]
[Termination "rugbyclub won by checkmate"]

1. e4 c6 2. d4 d5 3. e5 c5 4. dxc5 e6 5. a3 Bxc5 6. b4 Bb6 7. Nf3 Ne7 8. Bd3 a5 9. Bb2 axb4 10. axb4 Rxa1 11.
Bxa1 Na6 12. Bc3 Ng6 13. g3 Bd7 14. O-O O-O 15. h4 f6 16. exf6 gxf6 17. h5 Ne7 18. Nd4 e5 19. Nb5 Nc7 20. Nxc7 Qxc7 21. Bd2 Bh3 22.
Re1 Qd7 23. c4 Bd4 24. Nc3 Bg4 25. Be2 Bxe2 26. Qxe2 Bxc3 27. Bxc3 d4 28. Bd2 Qf5 29. c5 Kh8 30. b5 Rc8 31. Rc1 Nd5 32. c6 bxc6 33.
Rxc6 Rxc6 34. bxc6 d3 35. Qd1 Kg7 36. h6+ Kf7 37.
Qa4 Qf3 38. Qa7+ Ke6 39. Qd7# 1-0

[Event "*** Titled Tuesday Blitz"]
[Site "Chess.com"]
[Date "2021.02.09"]
[Round "2"]
[White "lacafi"]
[Black "woodhy"]
[Result "0-1"]
[WhiteElo "2216"]
[BlackElo "2449"]
[TimeControl "180+1"]
[EndTime "10:18:02 PST"]
[Termination "woodhy won on time"]

1. d4 e6 2. Nf3 c5 3. e3 b6 4. Bd3 Nf6 5. Nbd2 Bb7 6. Qe2 Be7 7. O-O O-O 8. c3 Nc6 9. a3 Qc7 10. e4 cxd4 11. cxd4 e5 12. d5 Nb8 13. b4 a5 14.
b5 d6 15. Bb2 Nbd7 16. Nh4 Nc5 17. Bc2 Nxd5 18. exd5 Bxh4 19. Qh5 g6 20. Qxh4 Bxd5 21.
Be4 Bxe4 22. Nxe4 f5 23. Nf6+ Kh8 24. Nd5 Qb7 25. Rad1 Rad8 26. f4 Qg7 27. Nxb6 Qb7 28. Rxd6 Nd3 29. Rxd8 Qxb6+ 30. Kh1 Qxd8 31. Ba1 Qxh4 0-1

[Event "*** Titled Tuesday Blitz"]
[Site "Chess.com"]
[Date "2021.02.09"]
[Round "2"]
[White "Orest_Vovk"]
[Black "Kaponov"]
[Result "0-1"]
[WhiteElo "2409"]
[BlackElo "2212"]
[TimeControl "180+1"]
[EndTime "10:18:02 PST"]
[Termination "Kaponov won by resignation"]

1. h4 d5 2. h5 e5 3. h6 Nxh6 4. d4 exd4 5. Bxh6 gxh6 6. Qxd4 Rg8 7. Nc3 Bg7 8. O-O-O Bxd4 9. Rxd4 c6 10. Nf3 Bg4 11. e4 Bxf3 12. gxf3 Nd7 13. exd5 c5 14. Re4+ Kf8 15.
f4 Nf6 16. Re5 Ng4 17. Rf5 Qd7 18. Rfh5 Qd6 19. Rf5 Re8 20. Bb5 Qg6 21. Rhh5 Nf6 22. Bxe8 Nxh5 23. Re5 Nxf4 24. b3 Qg1+ 25. Kb2 Qxf2 26.
d6 Qd4 27. d7 Ne6 28. Rd5 Qg7 29. d8=Q Nxd8 30. Rxd8 Ke7 31. Rd7+ Kxe8 32. Rxb7 h5 33. Rc7 Qd4 34. Rxc5 Qxc5 0-1

[Event "*** Titled Tuesday Blitz"]
[Site "Chess.com"]
[Date "2021.02.09"]
[Round "2"]
[White "Savagelittlemole"]
[Black "chessmadara"]
[Result "1/2-1/2"]
[WhiteElo "2398"]
[BlackElo "2163"]
[TimeControl "180+1"]
[EndTime "10:18:02 PST"]
[Termination "Game drawn by repetition"]

1. e4 c5 2. Ne2 d6 3. g3 g6 4. Bg2 Bg7 5. O-O Nc6 6. c3 e5 7. Na3 Nge7 8. Nc2 O-O 9. d4 exd4 10. cxd4 cxd4 11. Nexd4 Nxd4 12. Nxd4 d5 13. Bg5 dxe4 14. Nb5 Qxd1 15. Raxd1 Nc6 16. Bxe4 Bxb2 17. Nc7 Rb8 18. Bxc6 bxc6 19. Be7 Bh3 20. Bxf8 Bxf1 21. Kxf1 Kxf8 22. Rb1 Ke7 23. Na6 Rb6 24. Nc5 Bd4 25. Re1+ Kd6 26. Nb3 c5 27. Rd1 Kd5 28. f4 a5 29. Nxa5 Rb2 30.
Nb3 Rxa2 31. Rd2 Rxd2 32. Nxd2 c4 33. Ke2 c3 34. Nf3 Kc4 35. h3 Bf6 36. Ne1 Kb3 37. Kd3 Be7 38. g4 Bc5 39. f5 Bf2 40. Nc2 g5 41. Na1+ Kb2 42. Nc2 Kb3 43. Na1+ Kb2 44. Nc2 Kb3 1/2-1/2

[Event "*** Titled Tuesday Blitz"]
[Site "Chess.com"]
[Date "2021.02.09"]
[Round "2"]
[White "Tactictic"]
[Black "Anurag328"]
[Result "1-0"]
[WhiteElo "2418"]
[BlackElo "2642"]
[TimeControl "180+1"]
[EndTime "10:18:04 PST"]
[Termination "Tactictic won by resignation"]

1. e4 g6 2. d4 Bg7 3. Nc3 e6 4.
f4 d5 5. e5 b6 6. Nf3 Ne7 7.
Be3 Ba6 8. Bxa6 Nxa6 9. Qe2 Nb4 10. a3 Nbc6 11. O-O Qd7 12. Qa6 Na5 13. b3 O-O 14. g4 Qc6 15. Qd3 f6 16. exf6 Bxf6 17. Ne5 Qe8 18. Rae1 Nac6 19. Nb5 Qd8 20. Qc3 Bxe5 21.
fxe5 Rxf1+ 22. Rxf1 a6 23. Bh6 axb5 24. Qf3 Qe8 25.
Qf6 Nf5 26. gxf5 Qf7 27. fxe6 Qe7 28. Qf7+ 1-0

[Event "*** Titled Tuesday Blitz"]
[Site "Chess.com"]
[Date "2021.02.09"]
[Round "2"]
[White "frederiksvane"]
[Black "Grimlock_Glasgow"]
[Result "1-0"]
[WhiteElo "2754"]
[BlackElo "2491"]
[TimeControl "180+1"]
[EndTime "10:18:06 PST"]
[Termination "frederiksvane won on time"]

1. e4 e5 2. Nf3 d5 3. exd5 Bd6 4. d4 e4 5. Ne5 Nf6 6. Nc3 Nbd7 7. Nxd7 Bxd7 8. Bg5 O-O 9. Bc4 Re8 10. O-O h6 11.
Bh4 Bf5 12. Bb3 a6 13. a4 g5 14. Bg3 Bxg3 15. fxg3 Bg4 16. Qe1 e3 17. h3 Bh5 18.
g4 Bg6 19. Rf3 Qe7 20. Qe2 h5 21. Raf1 Ne4 22. Qxe3 Nxc3 23. Qxc3 hxg4 24. hxg4 Qd6 25. Qd2 Re4 26. Qxg5 Rae8 27. Rf6 1-0

[Event "*** Titled Tuesday Blitz"]
[Site "Chess.com"]
[Date "2021.02.09"]
[Round "2"]
[White "Grineva_Marianna"]
[Black "AustrianFalcon"]
[Result "0-1"]
[WhiteElo "2193"]
[BlackElo "2422"]
[TimeControl "180+1"]
[EndTime "10:18:06 PST"]
[Termination "AustrianFalcon won by checkmate"]

1. e4 c5 2. Nf3 d6 3. d4 cxd4 4. Nxd4 Nf6 5. Nc3 a6 6. Bg5 e6 7. f4 Nbd7 8. Qe2 h6 9. Bh4 e5 10. fxe5 dxe5 11. O-O-O Qc7 12. Nf3 b5 13. Nd5 Nxd5 14.
exd5 Bd6 15. Bg3 O-O 16. Kb1 Bb7 17. Qd2 Nb6 18. Bd3 f5 19. Nh4 e4 20. Be2 f4 21.
Be1 Bxd5 22. Ng6 Rf6 23. Bh5 Rc8 24. Rf1 Qc4 25. b3 Qxf1 26. Bh4 e3 27. Rxf1 exd2 28. Bxf6 gxf6 29. Rd1 Bb4 30. Bg4 Re8 31. Nxf4 Re1 32. a3 Bc3 33. Ne2 Rxd1+ 34. Ka2 Ra1# 0-1

[Event "*** Titled Tuesday Blitz"]
[Site "Chess.com"]
[Date "2021.02.09"]
[Round "2"]
[White "WilliamSchill"]
[Black "SHIVACalypso"]
[Result "0-1"]
[WhiteElo "1967"]
[BlackElo "2361"]
[TimeControl "180+1"]
[EndTime "10:18:06 PST"]
[Termination "SHIVACalypso won on time"]

1. e4 e6 2. d4 d5 3. Nc3 Nf6 4. e5 Nfd7 5. f4 c5 6. Nf3 Nc6 7. Be3 Be7 8. Bd3 O-O 9. Qd2 cxd4 10. Nxd4 Nxd4 11. Bxd4 f6 12. O-O Bc5 13. Bxc5 Nxc5 14. Ne2 fxe5 15. fxe5 Bd7 16. Rxf8+ Qxf8 17. Rf1 Qe7 18. Nd4 Bc6 19. Qf4 Nd7 20. c3 Rf8 21. Qg3 Rxf1+ 22. Kxf1 Qf7+ 23. Ke2 g6 24. Ke3 Nc5 25.
Bc2 Bd7 26. Qf4 Na6 27. Qxf7+ Kxf7 28. h4 Nc7 29. g4 Ne8 30. g5 Ng7 31. b4 Nh5 32. a4 Ke7 33. a5 Ng3 34. Kf2 Nh5 35.
Ke3 Ng7 36. Kf4 Ne8 37. Bd1 Nc7 38. Be2 Ba4 39. h5 Kf7 40. h6 b6 41. axb6 axb6 42.
Bd3 Bd1 43. Ke3 Bg4 44. Kf4 Bf5 45. Bxf5 gxf5 46. Nc6 Nb5 0-1

[Event "*** Titled Tuesday Blitz"]
[Site "Chess.com"]
[Date "2021.02.09"]
[Round "2"]
[White "misterlamine"]
[Black "xberli"]
[Result "0-1"]
[WhiteElo "2262"]
[BlackElo "2466"]
[TimeControl "180+1"]
[EndTime "10:18:07 PST"]
[Termination "xberli won on time"]

1. d4 Nf6 2. c4 e6 3. Nf3 d5 4. Nc3 Bb4 5. Bg5 O-O 6. e3 h6 7. Bh4 c5 8. cxd5 exd5 9. Be2 c4 10. O-O Be6 11. Qc2 Nbd7 12. Ne5 Be7 13. Nxd7 Qxd7 14. Bf3 Rfd8 15. Rfe1 Bf5 16. Qd2 Ne4 17. Bxe4 Bxe4 18. Nxe4 Bxh4 19. Nc3 b5 20. e4 dxe4 21. Rxe4 Bf6 22.
Rae1 b4 23. Ne2 a5 24. h3 Qa4 25. Nc1 Rac8 26. Qe2 Rxd4 27. Rxd4 Bxd4 28. b3 Qc6 29. bxc4 Qxc4 30. Qxc4 Rxc4 31. Nb3 a4 32. Nxd4 Rxd4 33. Rb1 a3 34. f3 h5 35. Kh2 h4 36. Rb3 g5 37. Re3 Kg7 38. Re5 Kg6 0-1

[Event "*** Titled Tuesday Blitz"]
[Site "Chess.com"]
[Date "2021.02.09"]
[Round "2"]
[White "HajiyevKanan"]
[Black "wannabe2700"]
[Result "0-1"]
[WhiteElo "2497"]
[BlackElo "2780"]
[TimeControl "180+1"]
[EndTime "10:18:10 PST"]
[Termination "wannabe2700 won by checkmate"]

1. d4 f5 2. e4 fxe4 3. Nc3 Nf6 4. Bg5 Nc6 5. f3 d5 6. Bxf6 exf6 7. fxe4 dxe4 8. Bb5 Bb4 9. d5 a6 10. Ba4 b5 11. dxc6 Bxc3+ 12. bxc3 Qxd1+ 13. Rxd1 bxa4 14. Rd4 f5 15. Ne2 Be6 16. a3 Ke7 17. Kd2 Rhd8 18. Rb1 Rd6 19. Ke3 Rxc6 20. Rxa4 g6 21. Rb7 Kd6 22.
Rab4 Ke5 23. h4 h6 24. g3 g5 25. hxg5 hxg5 26. Kd2 f4 27. gxf4+ gxf4 28. Nd4 e3+ 29. Kd3 Rd8 30. Ra4 Bf5+ 31. Ke2 Rc5 32. Nf3+ Kf6 33. Rbb4 Rxc3 34. Rxf4 Rxc2+ 35. Kxe3 Rd3# 0-1

[Event "*** Titled Tuesday Blitz"]
[Site "Chess.com"]
[Date "2021.02.09"]
[Round "2"]
[White "Sjakkerntobi"]
[Black "sorrm8thatscheckm8"]
[Result "0-1"]
[WhiteElo "2283"]
[BlackElo "2557"]
[TimeControl "180+1"]
[EndTime "10:18:11 PST"]
[Termination "sorrm8thatscheckm8 won by resignation"]

1. e4 c5 2. Nf3 Nc6 3. d4 cxd4 4. Nxd4 Nf6 5. Nc3 e5 6. Ndb5 d6 7. Bg5 a6 8. Na3 b5 9. Bxf6 gxf6 10. Nd5 Bg7 11.
c3 Ne7 12. Nxe7 Qxe7 13. Nc2 O-O 14. Ne3 f5 15. exf5 Bb7 16. Be2 d5 17. Nxd5 Qc5 18. Ne3 Rad8 19. Qb3 Bh6 20. Ng4 Bd2+ 21. Kf1 e4 22.
Rd1 Rd6 23. Qc2 Rfd8 24. Nf6+ Rxf6 25. Rxd2 Re8 26. Bg4 h5 27. Bh3 e3 28. fxe3 Qxe3 29. Re2 Qf4+ 30. Ke1 Qh4+ 31. Kd1 Rd6+ 32. Kc1 Be4 33. g3 Qg5+ 34. Kb1 Bxc2+ 35. Rxc2 Rd2 36. Rhc1 Rxc2 37. Kxc2 Re2+ 0-1

[Event "*** Titled Tuesday Blitz"]
[Site "Chess.com"]
[Date "2021.02.09"]
[Round "2"]
[White "manipun1"]
[Black "Mikasinski"]
[Result "0-1"]
[WhiteElo "2273"]
[BlackElo "2471"]
[TimeControl "180+1"]
[EndTime "10:18:11 PST"]
[Termination "Mikasinski won by resignation"]

1. e4 c5 2. Nf3 d6 3. Bb5+ Bd7 4.
Bxd7+ Qxd7 5. c4 Nc6 6. Nc3 g6 7. d4 cxd4 8. Nxd4 Bg7 9. Be3 Nf6 10. f3 O-O 11. Rc1 Rfd8 12. O-O e6 13. Bf2 d5 14. cxd5 exd5 15. exd5 Nxd5 16. Nxd5 Qxd5 17.
Nxc6 bxc6 18. Qxd5 cxd5 19. b3 d4 20. Rfd1 Rd5 21. Rd3 a5 22. Rcd1 Rad8 23. Kf1 Kf8 24. Rc1 Be5 25. g3 g5 26. Rc4 Ke7 27. Ke2 f5 28. Be1 Kf6 29. Rc6+ R8d6 30. Rxd6+ Bxd6 31. Rd1 Bb4 32. Kd3 Re5 33. Bxb4 axb4 34. Kxd4 Re2 35.
Kc4 Rxa2 36. Rh1 Rf2 37. Kxb4 Rxf3 38. Kc4 Rf2 39. b4 f4 40. gxf4 gxf4 41. b5 Rb2 42.
Kc5 Kf5 43. b6 f3 44. Kc6 f2 45. Rf1 Ke4 46. b7 Kf3 47. Kc7 h5 48. h4 Kg2 49.
Rc1 f1=Q 50. Rxf1 Kxf1 51. b8=Q Rxb8 52. Kxb8 Kg2 53. Kc7 Kh3 54. Kd6 Kxh4 55. Ke5 Kg3 0-1

[Event "*** Titled Tuesday Blitz"]
[Site "Chess.com"]
[Date "2021.02.09"]
[Round "2"]
[White "Das_Virus_2020"]
[Black "LubovMarkelova"]
[Result "0-1"]
[WhiteElo "2438"]
[BlackElo "2244"]
[TimeControl "180+1"]
[EndTime "10:18:11 PST"]
[Termination "LubovMarkelova won on time"]

1. e4 e5 2. Nc3 Nf6 3. g3 h5 4. h3 Bc5 5. Bg2 a6 6. d3 d6 7.
Bg5 Be6 8. Nge2 Nc6 9. Nd5 Bxd5 10. exd5 Ne7 11. c4 Qd7 12. Be3 Bxe3 13. fxe3 Nf5 14.
Qd2 O-O 15. e4 Ne7 16. O-O Nh7 17. Kh2 g6 18. Qh6 b5 19. b3 bxc4 20. dxc4 a5 21. Nc3 a4 22. Nxa4 Kh8 23. Nc3 Ng8 24.
Qd2 f5 25. Rf2 Qg7 26. exf5 gxf5 27. Nb5 h4 28. Qc3 Rf6 29. Rg1 hxg3+ 30. Qxg3 Rg6 31. Qc3 Rf8 32. Rff1 Ng5 33. a4 Rh6 34. a5 Nf6 0-1

[Event "*** Titled Tuesday Blitz"]
[Site "Chess.com"]
[Date "2021.02.09"]
[Round "2"]
[White "Alex-11211"]
[Black "WiktoriaPOL"]
[Result "1-0"]
[WhiteElo "2376"]
[BlackElo "2016"]
[TimeControl "180+1"]
[EndTime "10:18:11 PST"]
[Termination "Alex-11211 won by checkmate"]

1. e4 d5 2. exd5 Nf6 3. Nc3 Nxd5 4. Nge2 g6 5. g3 Bg7 6. Bg2 c6 7. O-O O-O 8. Nxd5 cxd5 9. Nf4 e6 10. d4 Nc6 11. c3 b5 12. a3 a5 13. Bd2 Bb7 14.
b4 axb4 15. axb4 Rxa1 16. Qxa1 Qc7 17. Qb2 Ne7 18. Nd3 Nf5 19. Ra1 Ra8 20. Nc5 Rxa1+ 21.
Qxa1 Bf8 22. Qa7 Bxc5 23. bxc5 Ne7 24. Bf4 Qc6 25. Qb8+ Nc8 26. Bf1 Kg7 27. Qe5+ f6 28. Qe3 Na7 29. Bd6 Qa6 30. Qxe6 Qa1 31. Qe7+ Kh6 32.
Bf4+ g5 33. Qxf6+ Kh5 34. Qxg5# 1-0

[Event "*** Titled Tuesday Blitz"]
[Site "Chess.com"]
[Date "2021.02.09"]
[Round "2"]
[White "TimofeevAr"]
[Black "bazar-wokzal"]
[Result "1-0"]
[WhiteElo "2870"]
[BlackElo "2530"]
[TimeControl "180+1"]
[EndTime "10:18:12 PST"]
[Termination "TimofeevAr won by checkmate"]

1. c4 f5 2. Nc3 Nf6 3. g3 e5 4. Bg2 Nc6 5. e3 d6 6. Nge2 h6 7. d3 g5 8. Bd2 Bg7 9. Qb3 O-O 10.
O-O-O a5 11. f4 exf4 12. gxf4 g4 13. h3 Nb4 14. Nd5 Nbxd5 15. cxd5 a4 16. Qb4 a3 17. bxa3 Bd7 18. Nd4 Ra4 19. Qb3 Qa8 20. Bb4 Kh7 21. e4 fxe4 22. dxe4 c5 23. dxc6 bxc6 24. e5 dxe5 25.
fxe5 Nd5 26. Bxd5 cxd5 27. e6 Rc8+ 28. Kb1 Be8 29. hxg4 Bg6+ 30. Nf5 d4 31. Rh5 Rc3 32. Bxc3 Rxa3 33. Qb5 dxc3 34. Rd7 c2+ 35. Kc1 Bxf5 36.
Rxg7+ Kxg7 37. Qd7+ Kh8 38. Rxh6+ Kg8 39. Qf7# 1-0

[Event "*** Titled Tuesday Blitz"]
[Site "Chess.com"]
[Date "2021.02.09"]
[Round "2"]
[White "paladin_ll"]
[Black "imdvb6307"]
[Result "1-0"]
[WhiteElo "2149"]
[BlackElo "2388"]
[TimeControl "180+1"]
[EndTime "10:18:12 PST"]
[Termination "paladin_ll won by resignation"]

1. Nf3 d6 2. c4 f5 3. d3 g6 4. Nc3 Bg7 5. g3 Nc6 6. Bg2 Nf6 7. O-O O-O 8. Rb1 a5 9. Bg5 h6 10. Bxf6 Bxf6 11. a3 Bg7 12. Qc2 g5 13. b4 e5 14. b5 Ne7 15. Nd2 Ng6 16. a4 h5 17. Nd5 Ne7 18. b6 c6 19. Nxe7+ Qxe7 20. Qb3 Kh7 21. Bxc6 bxc6 22. b7 Bxb7 23. Qxb7 Qxb7 24.
Rxb7 Rab8 25. Rfb1 Rxb7 26. Rxb7 Rd8 27. Nb3 Kg6 28.
e4 fxe4 29. dxe4 d5 30. cxd5 cxd5 31. Nxa5 d4 32. Nc4 d3 33. Rb2 Rd4 34. Nd2 Rxa4 35. Rb3 g4 36. Rxd3 Bf8 37. Kg2 Bc5 38. Nb3 Bb6 39.
Rd6+ 1-0

[Event "*** Titled Tuesday Blitz"]
[Site "Chess.com"]
[Date "2021.02.09"]
[Round "2"]
[White "ulises2013"]
[Black "Chandradi"]
[Result "1-0"]
[WhiteElo "2637"]
[BlackElo "2327"]
[TimeControl "180+1"]
[EndTime "10:18:13 PST"]
[Termination "ulises2013 won by resignation"]

1. d4 Nf6 2. Nf3 b6 3. e3 Bb7 4.
b3 e6 5. Bb2 Be7 6. Nbd2 c5 7.
c4 O-O 8. Bd3 cxd4 9. Bxd4 d6 10.
O-O Nbd7 11. Rc1 Qc7 12. Bb2 a6 13. a4 Rac8 14. Ng5 h6 15. Nge4 Nxe4 16. Nxe4 f5 17. Nd2 Nf6 18. Qe2 Qc6 19. f3 Nd7 20. Kh1 Bf6 21.
Bxf6 Rxf6 22. Qf2 Qc5 23. Rfd1 f4 24. Re1 Ne5 25. Bb1 Rcf8 26. Qe2 fxe3 27. Qxe3 Qc8 28.
Be4 Qc7 29. Bxb7 Qxb7 30. Ne4 Nxf3 31. Nxf6+ Rxf6 32. gxf3 Rxf3 33. Qxe6+ Kh8 34. Kg1 Rf8 35. Qe4 Qc7 36. Qd4 b5 37. axb5 axb5 38. Rc3 b4 39. Rg3 Rf6 40. Re8+ Kh7 41. Qe4+ g6 42. Re7+ 1-0

[Event "*** Titled Tuesday Blitz"]
[Site "Chess.com"]
[Date "2021.02.09"]
[Round "2"]
[White "goldihouse"]
[Black "Onischuk_V"]
[Result "0-1"]
[WhiteElo "2512"]
[BlackElo "2825"]
[TimeControl "180+1"]
[EndTime "10:18:14 PST"]
[Termination "Onischuk_V won on time"]

1. c4 g6 2. g3 Bg7 3. Bg2 Nf6 4. Nc3 O-O 5. e4 c5 6. Nge2 Nc6 7. O-O d6 8. a3 Nd7 9. Rb1 Rb8 10. b4 b6 11. b5 Nd4 12. Bb2 Bb7 13. d3 e6 14.
Qd2 a6 15. a4 Ra8 16. Nxd4 cxd4 17. Ne2 e5 18. Nc1 Nc5 19. Qc2 axb5 20. axb5 f5 21. f3 Bh6 22. Nb3 Be3+ 23. Kh1 f4 24. Nxc5 dxc5 25. Bc1 Qg5 26. gxf4 exf4 27. Bh3 Qe7 28. Bd2 Ra3 29. Ra1 Rfa8 30. Rxa3 Rxa3 31. Be1 Kg7 32. Qe2 Qe8 33. Bh4 Bc8 34. Qg2 Be6 35. Bxe6 Qxe6 36. Qg5 h6 37. Qd8 g5 38. Qc7+ Kg6 39.
Bf2 Bxf2 40. Rxf2 Qh3 41. Qc6+ Kh5 42. Qe8+ Kh4 43. Rg2 Ra1+ 0-1